 Dungeon Crawl Stone Soup version 0.31-a0-728-g01b46875f1 (webtiles) character file.

Game seed: 11413736566746135096

2888 Dirtsage the Grappler (level 9, -3/63 HPs)
             Began as a Demonspawn Berserker on Sept 11, 2023.
             Was a High Priest of Trog.
             Slain by an orc warrior
             ... wielding a +0 trident
              (8 damage)
             ... on level 8 of the Dungeon.
             The game lasted 00:12:17 (5716 turns).

Dirtsage the Grappler (Demonspawn Berserker)        Turns: 5716, Time: 00:12:18

Health: -3/63      AC:  7    Str: 21    XL:     9   Next: 48%
Magic:  9/9        EV: 12    Int:  9    God:    Trog [*****.]
Gold:   479        SH:  4    Dex: 13    Spells: 8/8 levels left

rFire   . .          .
                       - Unarmed
rCold   . . .        (no shield)
rNeg    + + .        I - +2 robe "Weycs" {rPois rN++ Regen+ Stlth-}
rPois   +            (helmet restricted)
rElec   .            g - +2 cloak
rCorr   .            (no gloves)
SInv    .            (no boots)
Will    .....        y - amulet of magic regeneration Stlth
                     j - ring of flight
HPRegen 1.10/turn    (no ring)
MPRegen 0.51/turn

%: no passive effects
@: flying
A: antennae 1, hooves 1, condensation shield, demonic magic 1, demonic touch 1,
poison resistance
a: Renounce Religion, Berserk, Trog's Hand, Brothers in Arms


You were on level 8 of the Dungeon.
You worshipped Trog.
Trog was extremely pleased with you.
You visited 2 branches of the dungeon, and saw 9 of its levels.
You also visited: Sewer.

You collected 479 gold pieces.

Inventory:

Hand Weapons
 a - a +0 hand axe
Missiles
 w - a throwing net
 J - 2 curare-tipped darts
Armour
 b - the +0 leather armour of the Crypt {-Cast Regen+ rCorr Dex+3}
   (You found it on level 2 of the Dungeon)

   Dex+3:     It affects your dexterity (+3).
   -Cast:     It prevents spellcasting.
   Regen+:    It increases your rate of health regeneration.
   rCorr:     It protects you from acid and corrosion.
 e - a scarf of repulsion
 g - a +2 cloak (worn)
 k - the +2 robe "Kogeuz" {Fly SInv}
   (You found it on level 2 of the Dungeon)

   SInv:      It lets you see invisible.
   Fly:       It grants you flight.
 D - a +0 pair of gloves
 F - a +0 pair of gloves
 I - the +2 robe "Weycs" (worn) {rPois rN++ Regen+ Stlth-}
   (You found it on level 7 of the Dungeon)

   rPois:     It protects you from poison rN++: It greatly protects you from
   negative energy.
   Regen+:    It increases your rate of health regeneration.
   Stlth-:    It makes you less stealthy.
Jewellery
 j - a ring of flight (left hand)
 y - an amulet of magic regeneration (around neck)
Talismans
 K - a beast talisman
Wands
 B - a wand of polymorph (11)
 E - a wand of paralysis (14)
 H - a wand of acid (30)
Scrolls
 c - a scroll of enchant armour
 d - 2 scrolls of amnesia
 f - a scroll of immolation {unknown}
 i - 2 scrolls of identify
 m - 2 scrolls of noise
 n - 2 scrolls of revelation {unknown}
 p - a scroll of poison
 r - a scroll of silence {unknown}
 t - 5 scrolls of teleportation
 u - a scroll of fear {unknown}
 v - 2 scrolls of fog
 x - 2 scrolls of blinking {unknown}
 A - 2 scrolls of enchant weapon {unknown}
 M - a scroll of butterflies {unknown}
Potions
 h - 3 potions of degeneration {unknown}
 l - 2 potions of haste {unknown}
 o - a potion of mutation
 q - 4 potions of curing
 s - 7 potions of enlightenment
 z - 3 potions of brilliance {unknown}
 C - a potion of magic {unknown}
 G - a potion of lignification {unknown}
 L - 2 potions of attraction {unknown}


   Skills:
 - Level 3.0 Fighting
 - Level 3.2 Axes
 - Level 1.7 Armour
 - Level 1.7 Dodging
 * Level 11.8 Unarmed Combat


You had 8 spell levels left.
You didn't know any spells.
Your spell library contained the following spells:

 Spells                   Type           Power      Damage    Failure   Level
 Apportation              Tloc           0%         N/A       38%         1
 Magic Dart               Conj           0%         1d3       38%         1
 Shock                    Conj/Air       0%         1d3       38%         1
 Call Imp                 Summ           0%         N/A       52%         2
 Jinxbite                 Hex            0%         N/A       52%         2
 Momentum Strike          Conj/Tloc      0%         3d8       52%         2
 Mephitic Cloud           Conj/Pois/Air  0%         N/A       77%         3
 Stone Arrow              Conj/Erth      0%         3d7       77%         3
 Animate Armour           Summ/Erth      0%         N/A       99%         4
 Alistair's Intoxication  Tmut/Pois      0%         N/A       100%        5
 Iskenderun's Battlesphe  Conj           0%         2d6       100%        5
 Lehudib's Crystal Spear  Conj/Erth      0%         10d2      100%        8


Dungeon Overview and Level Annotations

Branches:
Dungeon (8/15)             Temple (1/1) D:5           Sewer (visited)
   Lair: D:8-11

Altars:
Ashenzari
Cheibriados
Dithmenos
Fedhas
Hepliaklqana
Kikubaaqudgha
Makhleb
Okawaru
Qazlal
Ru
Sif Muna
Trog
Vehumet
Wu Jian
Xom
Yredelemnul


Innate Abilities, Weirdness & Mutations

You have a pair of small antennae on your head.
You have large cloven feet.
A meltable shield of frost defends you. (SH +4)
Spells you cast may paralyse adjacent enemies.
Your touch may inflict minor irresistible damage on your foes.
Your system is resistant to poisons. (rPois)


Message History

The yak gores you but does no damage. The orc warrior closely misses you.
The yak barely misses you.
There is an open door, spattered with blood here.
Things that are here:
a +0 dagger; a +0 robe The orc warrior hits you with a +0 trident.
You see here a yak corpse.
The orc warrior hits you from afar with a +0 trident.
The orc attacks as it pursues you! You block the orc's attack.
You take 2 damage, and have 19/63 hp.
You completely miss the orc. Your kick misses the orc.
Your touch misses the orc.
The orc warrior hits you from afar with a +0 trident!
* * * LOW HITPOINT WARNING * * *
The orc hits you but does no damage.
You take 6 damage, and have 13/63 hp.
You completely miss the orc. You kick the orc.
The orc is moderately wounded.
The orc warrior hits you but does no damage.
The orc hits you but does no damage.
The orc priest calls down the wrath of Beogh upon you.
Beogh smites you!
* * * LOW HITPOINT WARNING * * *
You take 11 damage, and have 2/63 hp.
You completely miss the orc.
The orc is moderately wounded.
The orc warrior barely misses you.
Okay, then.
You punch the orc!
You kill the orc!
Trog accepts your kill.
You punch the orc priest! Your kick misses the orc priest.
Your touch misses the orc priest.
The orc priest is heavily wounded.
The orc warrior barely misses you. The orc priest barely misses you.
You hit the orc priest.
You touch the orc priest.
You kill the orc priest!
Trog accepts your kill.
The orc warrior hits you from afar with a +0 trident!
You die...

#.#........#..#
##########.#..#####.#..#
#......#...# #.#..#
##......#...########.#..#
........#...+........#..#
........#...#######..#..#
....~..{)o.....#.....#..#
...~~~..#Y####.#.##.##..#
....~...#@# #.##.##..#
....../.#.# #.....<..#
##......#.# #######.##
#.....=#.# ..# ########.#
### ... #.# ... #.#


You could see a yak and an orc warrior.

Vanquished Creatures
  A wyvern (D:7)
  4 yaks (D:8)
  A steam dragon (D:7)
  2 water moccasins
  2 sky beasts
  An ice beast (D:7)
  An ogre (D:6)
  A centaur (D:6)
  A phantom (D:5)
  3 kobold brigands (D:7)
  2 bullfrogs (D:7)
  A scorpion (D:5)
  3 hounds
  3 jellies
  A gnoll bouda (D:6)
  An orc priest (D:8)
  5 iguanas
  Ijyb (D:5)
  5 orc wizards
  A sickly merfolk siren (Sewer)
  A malarious merfolk avatar (Sewer)
  8 gnolls
  A river rat (Sewer)
  11 adders
  2 ufetubi
  5 worms
  16 orcs
  14 ball pythons
  9 endoplasms
  8 giant cockroaches
  8 goblins
  5 hobgoblins
  3 jackals (D:1)
  6 quokkas
  11 bats
  11 frilled lizards
  27 kobolds
  33 rats
219 creatures vanquished.

Vanquished Creatures (collateral kills)
  4 gnolls (D:6)
4 creatures vanquished.

Vanquished Creatures (others)
  A kobold (D:7)
1 creature vanquished.

Grand Total: 224 creatures vanquished

Notes
Turn   | Place    | Note
-------+----------+-------------------------------------------
     0 | D:1      | Dirtsage the Demonspawn Berserker began the quest for the
                  | Orb.
     0 | D:1      | Reached XP level 1. HP: 18/18 MP: 1/1
   134 | D:1      | Discovered your monstrous ancestry.
   134 | D:1      | Gained mutation: You have a pair of small antennae on your
                  | head. [demonic ancestry]
   134 | D:1      | Reached XP level 2. HP: 23/24 MP: 2/2
   238 | D:1      | Reached skill level 1 in Unarmed Combat
   747 | D:2      | Identified the +2 robe "Kogeuz" {Fly SInv}
   863 | D:2      | Reached XP level 3. HP: 27/29 MP: 3/3
   863 | D:2      | Identified the +0 leather armour of the Crypt {-Cast Regen+
                  | rCorr Dex+3}
   936 | D:2      | Reached skill level 2 in Unarmed Combat
   978 | D:2      | Reached ** piety under Trog
  1299 | D:2      | Gained mutation: You have large cloven feet. [demonic
                  | ancestry]
  1299 | D:2      | Reached XP level 4. HP: 35/35 MP: 4/4
  1429 | D:2      | Reached skill level 3 in Unarmed Combat
  1601 | D:3      | Found an ornate altar of the Wu Jian Council.
  2198 | D:4      | Gained mutation: Your touch may inflict minor irresistible
                  | damage on your foes. [demonic ancestry]
  2198 | D:4      | Reached XP level 5. HP: 35/41 MP: 5/5
  2276 | D:4      | Reached skill level 4 in Unarmed Combat
  2276 | D:4      | Reached *** piety under Trog
  2351 | D:4      | Reached skill level 5 in Unarmed Combat
  2353 | D:4      | Gained mutation: A meltable shield of frost defends you.
                  | (SH +4) [demonic ancestry]
  2353 | D:4      | Reached XP level 6. HP: 37/47 MP: 6/6
  2837 | D:4      | Got the Compendium of the Luminous Atmosphere
  2958 | D:5      | Entered Level 5 of the Dungeon
  3020 | D:5      | Gained mutation: You are frail. (-10% HP) [potion of
                  | mutation]
  3020 | D:5      | Gained mutation: You have hidden genetic potential. [potion
                  | of mutation]
  3020 | D:5      | Gained mutation: You have hoof-like feet. [potion of
                  | mutation]
  3034 | D:5      | Found a glowing drain.
  3070 | D:5      | Reached skill level 6 in Unarmed Combat
  3159 | Sewer    | Entered a sewer
  3174 | Sewer    | Reached **** piety under Trog
  3246 | Sewer    | Reached XP level 7. HP: 46/46 MP: 7/7
  3538 | D:5      | Reached skill level 7 in Unarmed Combat
  3552 | D:5      | Gained mutation: Your spells are a little harder to cast,
                  | but a little more powerful. [hidden potential]
  3576 | D:5      | Lost mutation: You are frail. (-10% HP) [potion of
                  | mutation]
  3576 | D:5      | Lost mutation: Your spells are a little harder to cast, but
                  | a little more powerful. [potion of mutation]
  3576 | D:5      | Lost mutation: You have hoof-like feet. [potion of
                  | mutation]
  3638 | D:5      | Reached ***** piety under Trog
  3646 | D:5      | Reached skill level 8 in Unarmed Combat
  3700 | D:5      | Found a hazy altar of Hepliaklqana.
  3768 | D:5      | Found a bloodstained altar of Trog.
  3840 | D:5      | Noticed Ijyb
  3840 | D:5      | Paralysed by Ijyb for 3 turns
  3851 | D:5      | Paralysed by Ijyb for 3 turns
  3855 | D:5      | Killed Ijyb
  3856 | D:5      | Gained mutation: Spells you cast may paralyse adjacent
                  | enemies. [demonic ancestry]
  3856 | D:5      | Reached XP level 8. HP: 55/58 MP: 8/8
  3861 | D:5      | Found a staircase to the Ecumenical Temple.
  3871 | Temple   | Entered the Ecumenical Temple
  4314 | D:6      | Found a shimmering altar of Xom.
  4355 | D:6      | Reached skill level 9 in Unarmed Combat
  4358 | D:6      | Gained mutation: Your system is resistant to poisons.
                  | (rPois) [hidden potential]
  4358 | D:6      | Lost mutation: You have hidden genetic potential. [hidden
                  | potential expressed]
  4964 | D:7      | Identified the +2 robe "Weycs" {rPois rN++ Regen+ Stlth-}
  5035 | D:7      | Reached skill level 10 in Unarmed Combat
  5233 | D:7      | Reached XP level 9. HP: 63/63 MP: 9/9
  5338 | D:7      | Reached skill level 11 in Unarmed Combat
  5712 | D:8      | HP: 2/63 [orc priest/divine providence (12)]
  5716 | D:8      | Slain by an orc warrior

Illustrated notes

Levels and vault maps discovered:
D:1:      amcnicky_arrival_double_pillar, layout_rooms, minmay_split_cup_small
D:2:      layout_basic, chequers_serial_rivers_micro_a, minmay_divided_ellipse
D:3:      layout_rooms, nicolae_wu_jian_wuxing_cycle,
          minmay_randomly_rotated_circles
D:4:      minmay_recursive_quarters, layout_loops_ring, serial_bayou_ford_a
D:5:      layout_basic, lemuel_tele_altar, trog_butcher_becter,
          minmay_temple_entry_grid, cheibrodos_sewer_entry_drain,
          mrwooster_statue_mirror, minmay_liquid_box, uniq_ijyb
D:6:      layout_basic, kennysheep_little_box
D:7:      layout_loops_ring, kennysheep_generic_room_16
D:8:      layout_basic, serial_shops, shop, water_boxes_lemuel
Temple:   compressed_dpeg_circular_temple

Skill      XL: |  1  2  3  4  5  6  7  8  9 |
---------------+----------------------------+-----
Axes           | 3 |  3.2
Unarmed Combat | 1 2 3 5 6 8 10 11 | 11.8
Fighting       | |  3.0
Armour         | |  1.7
Dodging        | |  1.7

Action                     |  1- 3 |  4- 6 |  7- 9 || total
---------------------------+-------+-------+-------++-------
  Melee: Hand axe          |    75 |       |       ||    75
         Unarmed           |    90 |   206 |   236 ||   532
         Punch             |     2 |     4 |     9 ||    15
         Kick              |       |    60 |    64 ||   124
         Touch             |       |    24 |    50 ||    74
 Invoke: Berserk           |       |       |     1 ||     1
         Trog's Hand       |       |       |     1 ||     1
         Brothers in Arms  |       |       |     1 ||     1
    Use: Scroll            |       |     6 |       ||     6
         Potion            |       |     1 |     2 ||     3
 Armour: Animal skin       |    48 |       |       ||    48
         Robe              |     7 |       |    60 ||    67
         Leather armour    |    43 |   114 |    62 ||   219
  Dodge: Dodged            |   117 |   131 |   102 ||   350
  Block: Other             |       |    17 |    24 ||    41

Table legend: (Time is in decaauts)
 A = Elapsed time spent in this place.
 B = Non-inter-level travel time spent in this place.
 C = Inter-level travel time spent in this place.
 D = Time resting spent in this place.
 E = Time spent auto-exploring this place.
 F = Levels seen in this place.
 G = Mean time per level.
                   A        B        C        D        E       F      G
               +--------+--------+--------+--------+--------+-----+--------+
         Total |   5674 |   5439 |    235 |     33 |   4214 |  10 |  567.4 |
       Dungeon |   5337 |   5102 |    235 |     33 |   4045 |   8 |  667.1 |
        Temple |      1 |      1 |      0 |      0 |      0 |   1 |    1.0 |
         Sewer |    335 |    335 |      0 |      0 |    169 |   1 |  335.0 |
               +--------+--------+--------+--------+--------+-----+--------+

Top non-repeatable levels by time:
     D:2: 972 daAuts
     D:5: 801 daAuts
     D:4: 798 daAuts
     D:6: 745 daAuts
     D:7: 744 daAuts
     D:3: 615 daAuts
     D:1: 567 daAuts
   Sewer: 335 daAuts
     D:8: 91 daAuts
  Temple: 1 daAuts
